Map: Dusk Towers

Players

Grumm

  • Race: Zerg Zerg
  • League: Gold

MartialLaw - Winner!

  • Race: Zerg Zerg
  • League: Gold

VOD

Have the link to the VOD?

Description

Time

  • Played on: Jan. 12, 2016, 12:30 a.m.
  • Length: 11:22
Show
View Real Time Build Order
Export as new Build Order

Grumm Zerg 

Build Orders: Pool First 

Get SALT Encoding   

  12  0:01  Drone  
  13  0:08  Drone  
  14  0:18  Overlord  
  14  0:34  Evolution Chamber  
  14  0:37  Spawning Pool  
  14  0:38  Drone  
  14  0:47  Drone, Extractor  
  14  0:48  Drone  
  15  0:59  Extractor  
  15  1:03  Drone x2  
  16  1:12  Drone  
  17  1:34  Hatchery  
  17  1:38  Drone  
  17  1:46  Zergling x4  
  19  2:01  Lair  
  19  2:20  Drone x3  
  22  2:33  Evolution Chamber, Drone  
  22  2:48  Drone  
  22  2:49  Drone  
  24  2:52  Queen  
  26  3:01  Hydralisk Den  
  25  3:06  Spore Crawler  
  25  3:07  Drone  
  25  3:14  Queen  
  26  3:27  Zergling x2  
  26  3:28  Zergling x4  
  22  3:59  Hydralisk x2  
  22  4:00  Hydralisk  
  22  4:02  Overlord  
  28  4:24  Nydus Network  
  28  4:29  Hydralisk  
  29  4:34  Drone x2  
  29  4:36  Drone  
  32  4:57  Zerg Melee Weapons Level 1  
  32  5:16  Zergling x8  
  32  5:18  Overlord  
  36  5:25  Extractor  
  36  5:27  Extractor  
  36  5:28  Drone x2  
  36  5:56  Nydus Canal  
  36  5:58  Zergling x14  
  43  6:17  Overlord x2  
  40  6:33  Hydralisk x2  
  40  6:39  Nydus Canal  
  40  6:44  Zergling x4  
  40  6:46  Zergling x2  
  43  6:54  Overlord  
  43  7:18  Nydus Canal  
  43  7:19  Hydralisk x2  
  38  7:49  Hydralisk  
  38  7:50  Hydralisk  
  38  7:52  Drone x6  
  44  8:05  Overlord  
  44  8:26  Nydus Canal  
  44  8:31  Hydralisk  
  46  8:39  Overlord x4  
  46  9:01  Zergling x2  
  46  9:02  Zergling x10  
  52  9:20  Drone, Roach Warren  
  52  9:31  Drone  
  52  9:32  Drone x2  
  52  9:37  Drone  
  56  9:47  Drone x3  
  59  10:01  Roach x3  
  65  10:21  Roach x2  
  69  10:24  Drone x2  
  69  10:25  Drone  
  72  10:30  Overseer  
  72  10:39  Drone x5  
  77  11:03  Overlord  
Show
View Real Time Build Order
Export as new Build Order

MartialLaw Zerg - Winner!

Build Orders: Pool First 

Get SALT Encoding   

  12  0:08  Overlord  
  12  0:12  Drone  
  13  0:17  Drone  
  14  0:30  Drone  
  14  0:31  Drone  
  16  0:45  Extractor  
  16  0:46  Spawning Pool  
  16  0:47  Drone  
  15  1:03  Drone x2  
  17  1:33  Queen  
  17  1:36  Hatchery  
  18  1:40  Zergling x4  
  18  1:41  Zergling x2  
  21  1:49  Metabolic Boost  
  21  2:01  Overlord  
  21  2:10  Drone  
  22  2:21  Drone  
  23  2:39  Drone  
  23  2:40  Lair  
  24  2:48  Drone x4, Extractor  
  24  2:50  Drone  
  28  2:54  Queen  
  30  3:15  Drone x2  
  30  3:17  Drone x3  
  30  3:18  Drone  
  36  3:21  Overlord  
  35  3:56  Roach Warren  
  35  4:00  Drone x3  
  35  4:01  Hydralisk Den  
  36  4:11  Evolution Chamber  
  36  4:12  Drone x3, Evolution Chamber  
  36  4:14  Drone  
  38  4:31  Lurker Den  
  38  4:33  Overseer  
  38  4:36  Glial Reconstitution  
  38  4:38  Zerg Melee Weapons Level 1  
  38  4:40  Zerg Missile Weapons Level 1  
  38  4:41  Drone  
  38  4:42  Drone x3  
  38  4:43  Overlord  
  38  4:44  Overlord  
  42  5:03  Drone x2  
  42  5:06  Extractor  
  43  5:07  Drone, Extractor  
  43  5:12  Pneumatized Carapace  
  43  5:16  Drone x5  
  43  5:21  Drone x3  
  51  5:36  Overlord  
  51  6:06  Spore Crawler  
  51  6:10  Zergling x10, Spine Crawler  
  51  6:11  Zergling x14  
  59  6:25  Roach x5  
  55  6:52  Zerg Melee Weapons Level 2  
  55  6:53  Zerg Ground Armor Level 1  
  55  7:05  Hatchery, Spore Crawler  
  55  7:07  Spore Crawler  
  52  7:28  Hatchery  
  43  7:49  Drone x3  
  45  7:54  Drone x6  
  45  7:55  Queen  
  53  8:26  Hydralisk x6  
  65  8:57  Queen  
  65  8:59  Hydralisk x4  
  65  9:00  Roach x2  
  79  9:03  Overlord x4  
  79  9:08  Muscular Augments  
  79  9:18  Overseer  
  79  9:29  Spore Crawler  
  78  9:35  Queen  
  78  9:36  Drone x3  
  83  9:44  Drone x3  
  86  9:57  Lurker x3  
  89  10:05  Drone  
  90  10:07  Drone  
  90  10:08  Drone  
  90  10:11  Extractor  
  90  10:12  Extractor  
  90  10:14  Drone  
  90  10:17  Drone x3  
  90  10:18  Drone  
  90  10:20  Extractor  
  94  10:24  Extractor  
  93  10:50  Drone x3  
  93  10:51  Drone x3  
Tags
 
Add a new tag
Caveats
  • Supply blocks, unpowered buildings, or Contaminate may cause inaccurate times.
  • Supply counts are checked every 10 seconds.